 Dungeon Crawl Stone Soup version 0.31-a0-845-g9abc20d24f (webtiles) character file.

Game seed: 1541174652813691476

268754 demibob the Slayer (level 19, 0/207 HPs)
             Began as a White Draconian Chaos Knight on Oct 1, 2023.
             Was a Plaything of Xom.
             Slain by a reaper
             ... wielding a +5 scythe of venom
              (31 damage)
             ... while paralysed by a vampire knight
             ... on level 2 of the Vaults.
             The game lasted 01:39:03 (32778 turns).

demibob the Slayer (White Draconian Chaos Knight)  Turns: 32778, Time: 01:39:04

Health: 0/207      AC: 20    Str: 11    XL:     19   Next: 76%
Magic:  19/19      EV:  2    Int: 21    God:    Xom [..*...]
Gold:   3898       SH:  0    Dex: 32    Spells: 18/18 levels left

rFire   + +          .
                       - Unarmed
rCold   + + +        m - +0 buckler
rNeg    + . .        (body armour unavailable)
rPois   +            x - +1 hat
rElec   .            B - +2 cloak
rCorr   +            G - +1 pair of gloves {rF+}
SInv    .            f - +2 pair of boots
Will    +....        c - amulet of faith {!P}
Stlth   +++          r - ring of Tomorrow {Drain rC++ rN+ Int+3 Dex+6}
HPRegen 0.54/turn    i - ring "Tafoxzaj" {rPois rCorr Str-4 Int+6 Dex+3}
MPRegen 0.16/turn

%: faith
@: paralysed, maw-form
A: devouring maw, breathe frost, AC +10, unfitting armour, cold resistance 1,
cold-blooded, horns 1, large bone plates 1, thin skeletal structure 1, agile 1,
fire resistance 1, robust 1, screaming 1, shaggy fur 1, inability to drink after
injury 1
}: 1/15 runes: barnacled
a: Breathe Frost, Begin Untransformation, Renounce Religion


You were on level 2 of the Vaults.
You worshipped Xom.
You were a toy of Xom.
You were a creature with a mouth for a stomach.
You visited 5 branches of the dungeon, and saw 28 of its levels.
You visited 1 bazaar.
You also visited: Ice Cave.

You collected 5289 gold pieces.
You spent 1391 gold pieces at shops.


Innate Abilities, Weirdness & Mutations

You are a creature with a mouth for a stomach.
Your midsection houses a second, enormous mouth.
You can breathe waves of freezing cold which knock back foes.
Your icy white scales are hard. (AC +10)
You cannot fit into any form of body armour.
Your flesh is cold resistant. (rC+)
You are cold-blooded and may be slowed by cold attacks.
You have a pair of small horns on your head.
You are partially covered in large bone plates. (SH +4)
You have a somewhat thin skeletal structure. (Dex +2, Stealth+)
You are agile. (Dex +4, Str/Int -1)
Your flesh is heat resistant. (rF+)
You are robust. (+10% HP)
You occasionally shout uncontrollably at your foes.
You are covered in fur. (AC +1)
You occasionally lose the ability to drink potions when taking damage.


   Skills:
 - Level 21.0 Fighting
 - Level 10.7 Dodging
 + Level 6.0 Shields
 - Level 20.1 Unarmed Combat
 + Level 17.8 Shapeshifting


You had 18 spell levels left.
You didn't know any spells.
Your spell library contained the following spells:

 Spells                   Type           Power      Damage    Failure   Level
 Kiss of Death            Conj/Necr      0%         2d5       24%         1
 Sandblast                Erth           0%         2d4       24%         1
 Blink                    Tloc           0%         N/A       36%         2
 Ensorcelled Hibernation  Hex/Ice        0%         N/A       36%         2
 Jinxbite                 Hex            0%         N/A       36%         2
 Lesser Beckoning         Tloc           0%         N/A       36%         2
 Momentum Strike          Conj/Tloc      0%         3d8       36%         2
 Passwall                 Tmut/Erth      0%         N/A       36%         2
 Confusing Touch          Hex            0%         N/A       58%         3
 Dazzling Flash           Conj/Hex       0%         N/A       58%         3
 Gell's Gravitas          Tloc           0%         N/A       58%         3
 Hailstorm                Conj/Ice       0%         3d3       58%         3
 Ignite Poison            Fire/Tmut/Pois 0%         N/A       58%         3
 Inner Flame              Hex/Fire       0%         N/A       58%         3
 Stone Arrow              Conj/Erth      0%         3d7       58%         3
 Summon Guardian Golem    Hex/Summ       0%         N/A       58%         3
 Teleport Other           Tloc           0%         N/A       58%         3
 Tukima's Dance           Hex            0%         N/A       58%         3
 Anguish                  Hex/Necr       0%         N/A       94%         4
 Brom's Barrelling Bould  Conj/Erth      0%         2d3       94%         4
 Cause Fear               Hex            0%         N/A       94%         4
 Dispel Undead            Necr           0%         3d6       94%         4
 Flame Wave               Conj/Fire      0%         2d4       94%         4
 Fulminant Prism          Conj/Hex       0%         3d5       94%         4
 Manifold Assault         Tloc           0%         N/A       94%         4
 Passage of Golubria      Tloc           0%         N/A       94%         4
 Sticky Flame             Conj/Fire      0%         2d3       94%         4
 Agony                    Necr           0%         N/A       100%        5
 Fireball                 Conj/Fire      0%         3d3       100%        5
 Irradiate                Conj/Tmut      0%         3d11      100%        5
 Silence                  Hex/Air        0%         N/A       100%        5
 Summon Forest            Summ/Tloc      0%         N/A       100%        5
 Summon Mana Viper        Hex/Summ       0%         N/A       100%        5
 Yara's Violent Unravell  Hex/Tmut       0%         3d3       100%        5
 Starburst                Conj/Fire      0%         6d3       100%        6
 Summon Cactus Giant      Summ           0%         N/A       100%        6
 Orb of Destruction       Conj           0%         9d5       100%        7
 Spellforged Servitor     Conj/Summ      0%         N/A       100%        7
 Lehudib's Crystal Spear  Conj/Erth      0%         10d2      100%        8
 Dragon's Call            Summ           0%         N/A       100%        9

Inventory:

Missiles
 n - 2 atropa-tipped darts
 P - 7 curare-tipped darts {=f}
 S - 6 throwing nets {=f}
Armour
 f - a +2 pair of boots (worn)
 m - a +0 buckler (worn)
 x - a +1 hat (worn)
 B - a +2 cloak (worn)
 G - a +1 pair of gloves of fire resistance (worn)
 Z - a +1 pair of boots
Jewellery
 a - the ring "Konicip" {Wiz rElec}
   (You found it on level 12 of the Dungeon)

   [ring of wizardry]

   Wiz:       It improves your spell success rate.
   rElec:     It insulates you from electricity.
 c - an amulet of faith (around neck) {!P}
 i - the ring "Tafoxzaj" (right hand) {rPois rCorr Str-4 Int+6 Dex+3}
   (You found it on level 1 of the Lair of Beasts)

   [ring of intelligence]

   Str-4:     It affects your strength (-4).
   Int+6:     It affects your intelligence (+6).
   Dex+3:     It affects your dexterity (+3).
   rPois:     It protects you from poison rCorr: It protects you from acid and
   corrosion.
 p - the macabre finger necklace {Finger+ rN+}
   (You bought it in a shop on level 2 of the Orcish Mines)

   [amulet of nothing]

   Finger+:   It enables you to equip an extra ring.
   rN+:       It protects you from negative energy.
 r - the ring of Tomorrow (left hand) {Drain rC++ rN+ Int+3 Dex+6}
   (You found it on level 1 of the Orcish Mines)

   [ring of dexterity]

   Int+3:     It affects your intelligence (+3).
   Dex+6:     It affects your dexterity (+6).
   rC++:      It greatly protects you from cold.
   rN+:       It protects you from negative energy.
   Drain:     It drains your maximum health when unequipped.
 F - a ring of protection from fire
 L - a ring of flight
 M - an amulet of the acrobat
 R - a ring of resist corrosion
 T - a +4 ring of protection
Talismans
 d - a talisman of death
 l - a maw talisman (active)
 X - a serpent talisman
Wands
 e - a wand of mindburst (18)
 g - a wand of iceblast (22)
 k - a wand of flame (64)
 A - a wand of light (10)
 J - a wand of charming (24)
 O - a wand of digging (7)
Scrolls
 b - 6 scrolls of enchant weapon
 j - 6 scrolls of vulnerability
 v - a scroll of poison
 z - 8 scrolls of identify {@r1}
 C - a scroll of torment
 K - 3 scrolls of enchant armour
 N - 3 scrolls of immolation
 U - 2 scrolls of teleportation {@r2}
Potions
 h - 2 potions of mutation
 o - a potion of magic
 q - 6 potions of curing {@q1}
 s - 2 potions of enlightenment
 t - 5 potions of attraction
 u - a potion of might
 w - 3 potions of brilliance
 D - 2 potions of haste {@q3}
 E - 3 potions of resistance
 H - 3 potions of cancellation
 I - 4 potions of lignification
 Q - a potion of ambrosia
 V - 2 potions of invisibility
Miscellaneous
 y - a tin of tremorstones (2/2)
 W - a phial of floods
 Y - a phantom mirror

Dungeon Overview and Level Annotations

Branches:
Dungeon (15/15)            Temple (0/1) D:4            Lair (5/5) D:10
 Shoals (4/4) Lair:3       Spider (0/4) Lair:2        Slime (0/5) Lair:5
    Orc (2/2) D:12            Elf (0/3) Orc:2        Vaults (2/5) D:13
  Crypt (0/3) Vaults:2     Depths (0/4) D:15          IceCv (visited)

Altars:
Ashenzari
Cheibriados
Dithmenos
Elyvilon
Fedhas
Gozag
Hepliaklqana
Kikubaaqudgha
Okawaru
Qazlal
Ru
Sif Muna
Trog
Vehumet
Wu Jian
Xom
Yredelemnul
The Shining One
Jiyva

Shops:
D:5 (   D:7 *[   D:10 *   D:11 ?(:*   Orc:2 *=*   Vaults:1 (

Portals:
Trove: D:11 (give +5 ice dragon scales)

Annotations:
D:5 1 runed translucent door, riellis1's ghost, amateur TrSh
D:9 1 transporter
Lair:5 Ewom's ghost, journeyman DEHW

.................▒
...▒▒▒......
........V........▒
....▒......
▒▒▒▒▒▒▒▒▒▒▒▒▒▒▒▒.▒
▒...▒...... ..
...▒.▒ +...▒.....)
▒...▒.▒.▒
+...+......
......'.▒
▒...▒......
..▒...▒2▒
▒...▒....)[ ..V..
▒{▒ ▒.....▒......
>...
▒W▒......▒▒▒....†.
▒▒▒▒ ...
▒.▒....▒▒▒........
...▒ .. ▒.+..▒▒
.......... ...▒ 2
▒.▒▒ ...........
...▒ +..
........... ...▒
▒.. ...........
...▒▒▒▒▒ ▒..
..........
........ ....
▒▒▒▒▒▒▒▒. ........


You could see a reaper.


Message History

* * * LOW HITPOINT WARNING * * *
You are poisoned.
Okay, then.
You feel better.
You hear some strange, mumbled words.
You suddenly lose the ability to move!
The reaper barely misses you. Something hits you!
* * * LOW HITPOINT WARNING * * *
Something bites you but does no damage. Something hits you!!
* * * LOW HITPOINT WARNING * * *
Something bites you but does no damage. The reaper barely misses you.
Something hits you!!
* * * LOW HITPOINT WARNING * * *
Something bites you!
* * * LOW HITPOINT WARNING * * *
Something draws strength from your injuries!
The reaper completely misses you. Something hits you!!
You die... "Just one more try."
Xom revives you! Something bites you but does no damage. Something hits you!
* * * LOW HITPOINT WARNING * * *
Something bites you!
* * * LOW HITPOINT WARNING * * *
Something draws strength from your injuries!
The reaper hits you from afar with a +5 scythe of venom!!
You die...
Xom guffaws!

Skill      XL: |  1  2  3  4  5  6  7  8  9 10 11 12 13 14 15 16 17 18 19 |
---------------+----------------------------------------------------------+-----
Shapeshifting  | 1 3 8 9 11 12 13 14 16 17 | 17.8
Unarmed Combat | 4 6 8 10 13 15 16 17 19 20 | 20.1
Shields        | 3 4 6 |  6.0
Fighting       | 7 9 11 16 17 19 21 | 21.0
Dodging        | 5 8 10 | 10.7

Action                     |  1- 3 |  4- 6 |  7- 9 | 10-12 | 13-15 | 16-18 | 19-21 || total
---------------------------+-------+-------+-------+-------+-------+-------+-------++-------
  Melee: Unarmed           |    96 |   182 |   204 |   568 |   966 |  1262 |   459 ||  3737
         Tailslap          |    11 |    22 |    39 |    99 |   205 |   300 |   113 ||   789
         Punch             |     1 |     5 |       |       |       |       |       ||     6
         Bite              |       |       |    15 |    63 |   136 |   228 |    61 ||   503
         Maw               |       |       |       |   188 |   436 |   603 |   230 ||  1457
         Headbutt          |       |       |       |       |   145 |   420 |   163 ||   728
  Throw: Dart              |     1 |     6 |       |       |       |       |       ||     7
Ability: Breathe Frost     |       |       |    10 |    23 |    15 |     3 |     1 ||    52
         Begin Untransform |       |       |       |     2 |       |     1 |       ||     3
  Evoke: Wand              |       |     5 |    10 |     4 |    20 |    14 |     6 ||    59
         Tin of tremorston |       |       |       |       |       |     1 |       ||     1
    Use: Scroll            |     3 |     5 |     8 |    15 |     8 |     5 |     5 ||    49
         Potion            |       |     1 |       |    11 |     8 |     3 |     1 ||    24
   Stab: Sleeping          |     1 |       |     3 |     7 |    21 |    10 |     5 ||    47
         Invisible         |     1 |       |       |     4 |     6 |     4 |     6 ||    21
         Betrayed ally     |       |       |     1 |       |     1 |       |       ||     2
         Confused          |       |       |       |     5 |     7 |     3 |     8 ||    23
         Distracted        |       |       |       |     2 |     4 |    10 |     4 ||    20
         Paralysed         |       |       |       |       |     7 |     1 |     4 ||    12
         Petrified         |       |       |       |       |     4 |       |       ||     4
         Petrifying        |       |       |       |       |     1 |       |       ||     1
 Armour: Skin              |    46 |   102 |   112 |   365 |   500 |   531 |   207 ||  1863
  Dodge: Dodged            |    52 |    89 |   109 |   322 |   678 |   797 |   272 ||  2319
  Block: Buckler           |       |     3 |    38 |   135 |   239 |   537 |   224 ||  1176
   Form: Maw               |       |       |       |     2 |       |     2 |       ||     4
         Death             |       |       |       |     1 |       |     1 |       ||     2
         Anaconda          |       |       |       |       |       |     1 |       ||     1

Levels and vault maps discovered:
D:1:      roderic_chinese_lattice_arrival, layout_loops_cross, st_stairs_7,
          amcnicky_mini_corridor_feature, minmay_split_cup_small
D:2:      layout_basic, minmay_tromino_mix6, uniq_robin, uniq_jessica
D:3:      layout_basic, old_standard_altar, general_overflow_altar,
          trog_three_pillars_becter, uniq_terence, uniq_grinder
D:4:      layout_loops_cross, marbit_many_paths,
          minmay_temple_entry_sparse_star, minmay_cupped, uniq_sigmund,
          uniq_natasha
D:5:      layout_loops_ring, serial_shops, shop, ebering_ghost_reflecting_pool,
          serial_rivers, chequers_serial_rivers_micro_c,
          chequers_serial_rivers_marsh, chequers_serial_rivers_micro_c,
          chequers_serial_rivers_micro_a, minmay_statues_item,
          minmay_joined_circles, uniq_blork_the_orc, uniq_crazy_yiuf_cottage
D:6:      layout_basic, old_standard_altar, minmay_misc_feat_nine_boxes,
          nicolae_concentric_dashed_squares_mild, minmay_ruffians
D:7:      layout_loops_corners, slow_altar_2, serial_shops,
          nicolae_shop_pleasant_corner_grove, nicolae_shop_fire_sale
          [nicolae_sub_dead_trees], uniq_maggie
D:8:      layout_loops_ring, palyth_temple_overflow_mages, minitemple,
          mainiacjoe_overflow_surrounded_room, columned_hall_lemuel,
          minmay_fractal_squares_diagonal_5
D:9:      layout_gridville, grunt_qazlal_sundering, grunt_decor_cap,
          nicolae_diode_basic
D:10:     layout_loops_ring, david_lair_generic, serial_shops, shop
D:11:     old_forge, layout_rooms, enter_trove_0, serial_shops,
          nicolae_shop_tiny_statue_garden, nicolae_shop_tiny_statue_garden,
          shop, nicolae_book_shop_shelving, uniq_lodul, uniq_grum
D:12:     cross_vault, layout_loops_ring, david_orc_5, serial_co_window_serial,
          co_window_paths_a, co_window_paths_a, co_window_paths_a,
          co_window_cross_1, co_window_paths_a, co_window_paths_c,
          co_window_of_opportunity_b, co_window_corner_b,
          co_window_unsneaky_path_d, co_window_4corner_a, co_window_paths_d,
          glass_columns_a, glass_columns_b, glass_columns_a
D:13:     layout_gridville, david_vaults_3
D:14:     layout_basic, portal_ice_cave_entry_pillars_1, corexii_corridor_pit,
          nicolae_yredelemnul_corpse_copse, uniq_frances
D:15:     hellmonk_depths_entry_around_the_bend, layout_stronghold,
          nicolae_dithmenos_the_darkroom
Lair:1:   layout_cave_pods, basic_altar, worms_lemuel
Lair:2:   layout_hall_layers, hellmonk_spider_entry_life_and_decay,
          nicolae_quartered_pool_super, wad_woods_road_03, st_stairs_6
Lair:3:   layout_regular_city, nicolae_shoals_entry_roost, lemuel_fruit_tree,
          grunt_megastairs_3
Lair:4:   layout_long_grid, nicolae_lair_liquid_snakes,
          infiniplex_staircase_pool_2
Lair:5:   gammafunk_lair_ancient_temple, layout_gridlike, slime_entry_1,
          gammafunk_ghost_arena, kennysheep_abandoned_house, uniq_sonja
Shoals:1: layout_shoals, st_sunken_temple
Shoals:2: layout_shoals, nicolae_shoals_water_booths, uniq_ilsuiw
Shoals:3: layout_shoals
Shoals:4: shoals_end_hellmonk_lost_city
Orc:1:    layout_caves, gammafunk_ghost_necromancy
Orc:2:    st_orc_pillars, layout_caves, uniq_azrael
Vaults:1: hangedman_vaults_nodes, vaults_dpeg_doors,
          nicolae_vaults_specimen_jars, v_misc_3, st_diamondy,
          nicolae_vaults_border_crossing, nicolae_vaults_mitosis,
          nicolae_vaults_apartment_2, nicolae_vaults_house_3,
          nicolae_vaults_taking_the_gang_shopping,
          nicolae_vaults_trapezoid_lopsided_1, layout_vaults_omnigrid,
          serial_shops, bzr_entry_gold
Vaults:2: nicolae_vaults_sesquioval_fish, nicolae_vaults_trapezoid_4,
          ontoclasm_vaults_eye, minmay_crypt_entry_simple_sparse, v_rooms_2,
          nicolae_vaults_trapezoid_layered, nicolae_vaults_little_squares_1,
          nicolae_vaults_closet_pinwheel_6, nicolae_vaults_mini_display_case,
          nicolae_vaults_sesquioval_fish, layout_vaults_chaotic_city,
          uniq_sojobo

Notes
Turn   | Place    | Note
-------+----------+-------------------------------------------
     0 | D:1      | demibob the Draconian Chaos Knight began the quest for the
                  | Orb.
     0 | D:1      | Reached XP level 1. HP: 19/19 MP: 1/1
    72 | D:1      | XOM: silly message
    97 | D:1      | XOM: divination: detect items
   389 | D:1      | Reached XP level 2. HP: 26/26 MP: 2/2
   398 | D:1      | XOM: cast spell 'Disjunction'
   679 | D:2      | Reached skill level 1 in Shapeshifting
   790 | D:2      | XOM: scenery: summon butterflies
   796 | D:2      | Reached XP level 3. HP: 29/31 MP: 3/3
   853 | D:2      | Reached skill level 4 in Unarmed Combat
   950 | D:2      | XOM: polymorph dart slug -> orc
  1003 | D:2      | Noticed Jessica
  1010 | D:2      | Killed Jessica
  1011 | D:2      | Reached XP level 4. HP: 23/38 MP: 4/4
  1144 | D:2      | XOM: 1-stop teleportation journey
  1300 | D:2      | Noticed Robin
  1318 | D:2      | XOM: enchant monster (bad)
  1331 | D:2      | Reached skill level 2 in Shapeshifting
  1346 | D:2      | Killed Robin
  1747 | D:3      | XOM: 2-stop teleportation journey
  1778 | D:3      | Noticed Grinder
  1779 | D:3      | Paralysed by Grinder for 4 turns
  1783 | D:3      | XOM: summons 4 friendly demons
  1785 | D:3      | XOM: confuse monster(s)
  1806 | D:3      | Killed Grinder
  1807 | D:3      | Reached skill level 6 in Unarmed Combat
  1807 | D:3      | Reached skill level 3 in Shapeshifting
  1807 | D:3      | Reached XP level 5. HP: 40/45 MP: 5/5
  1807 | D:3      | Reached XP level 6. HP: 46/51 MP: 6/6
  1876 | D:3      | Found a basalt altar of Yredelemnul.
  1882 | D:3      | XOM: noise
  1932 | D:3      | XOM: 4-stop teleportation journey
  1997 | D:3      | Noticed Terence
  2001 | D:3      | Killed Terence
  2039 | D:3      | XOM: 3-stop teleportation journey
  2146 | D:3      | Found a bloodstained altar of Trog.
  2196 | D:3      | Found a blossoming altar of Fedhas.
  2304 | D:3      | XOM: god gift: leather armour {god gift}
  2336 | D:3      | XOM: give mutations
  2336 | D:3      | Gained mutation: You occasionally lose the ability to read
                  | scrolls when taking damage. [Xom's mischief]
  2336 | D:3      | Gained mutation: You passively dampen the noise of your
                  | surroundings. [Xom's mischief]
  2336 | D:3      | Gained mutation: You have a pair of small antennae on your
                  | head. [Xom's mischief]
  2355 | D:3      | XOM: divination: detect items
  2743 | D:4      | XOM: 1-stop teleportation journey
  2756 | D:4      | Found a staircase to the Ecumenical Temple.
  2820 | D:4      | Your scales start taking on an icy white colour.
  2820 | D:4      | Reached XP level 7. HP: 53/57 MP: 7/7
  2820 | D:4      | Gained mutation: Your flesh is cold resistant. (rC+) [White
                  | Draconian growth]
  2980 | D:4      | Found a sacrificial altar of Ru.
  3132 | D:4      | XOM: scenery: summon butterflies
  3152 | D:4      | Noticed Sigmund
  3156 | D:4      | Killed Sigmund
  3157 | D:4      | Reached skill level 1 in Shields
  3157 | D:4      | Reached skill level 7 in Unarmed Combat
  3173 | D:4      | XOM: give mutations
  3173 | D:4      | Gained mutation: Your mind is acute. (Int +4, Str/Dex -1)
                  | [Xom's grace]
  3173 | D:4      | Gained mutation: You have a somewhat thin skeletal
                  | structure. (Dex +2, Stealth+) [Xom's grace]
  3173 | D:4      | Gained mutation: You have very sharp teeth. [Xom's grace]
  3214 | D:4      | Reached skill level 2 in Shields
  3305 | D:4      | Noticed Natasha
  3316 | D:4      | Killed Natasha
  3331 | D:4      | Noticed Natasha
  3338 | D:4      | XOM: snakes to sticks
  3343 | D:4      | XOM: scenery: summon butterflies
  3346 | D:4      | Killed Natasha
  3371 | D:4      | XOM: scenery: summon butterflies
  3562 | D:5      | Entered Level 5 of the Dungeon
  3573 | D:5      | You fall into a shaft and drop 1 floor!
  3664 | D:6      | Reached skill level 8 in Unarmed Combat
  3737 | D:6      | Reached skill level 3 in Shields
  3738 | D:6      | XOM: 1-stop teleportation journey
  3782 | D:6      | XOM: god gift: scroll labelled EPLICOFFIN {god gift}
  3811 | D:6      | Found an iron altar of Okawaru.
  3826 | D:6      | Noticed a human
  3840 | D:6      | Killed a human
  3841 | D:6      | Reached XP level 8. HP: 63/63 MP: 8/8
  3869 | D:6      | XOM: summons 4 friendly demons
  3876 | D:6      | Reached skill level 4 in Shields
  3876 | D:6      | Reached skill level 9 in Unarmed Combat
  3916 | D:6      | XOM: summons friendly shadow imp
  3931 | D:6      | XOM: enchant monster (good)
  4126 | D:6      | XOM: cast spell 'Call Canine Familiar'
  4137 | D:6      | Reached skill level 10 in Unarmed Combat
  4304 | D:6      | Reached XP level 9. HP: 66/70 MP: 9/9
  4492 | D:6      | XOM: god gift: robe {god gift}
  4509 | D:6      | Reached skill level 4 in Shapeshifting
  4754 | D:6      | XOM: give mutations
  4754 | D:6      | Gained mutation: Your tail ends in a venomous barb. [Xom's
                  | grace]
  4754 | D:6      | Gained mutation: Your large and strong wings let you fly.
                  | [Xom's grace]
  4754 | D:6      | Gained mutation: You expend magic power (3 MP) to
                  | strengthen your wands. [Xom's grace]
  4754 | D:6      | Gained mutation: You are somewhat resistant to further
                  | mutation. [Xom's grace]
  4884 | D:5      | Found Horaf's Antique Weapon Boutique.
  4942 | D:5      | XOM: enchant monster (good)
  5019 | D:5      | Noticed a kobold demonologist
  5030 | D:5      | XOM: summons friendly crimson imp
  5032 | D:5      | XOM: potion effect (experience)
  5032 | D:5      | Reached skill level 13 in Unarmed Combat
  5032 | D:5      | Reached skill level 8 in Shapeshifting
  5032 | D:5      | Reached XP level 10. HP: 41/77 MP: 10/10
  5036 | D:5      | Noticed Blork the orc
  5039 | D:5      | Killed Blork the orc
  5063 | D:5      | XOM: 7-stop teleportation journey
  5220 | D:5      | XOM: give mutations
  5220 | D:5      | Gained mutation: Your tail ends in a sharp venomous barb.
                  | [Xom's mischief]
  5220 | D:5      | Lost mutation: You occasionally lose the ability to read
                  | scrolls when taking damage. [Xom's mischief]
  5532 | D:5      | Found a runed translucent door.
  5533 | D:5      | Noticed riellis1's ghost (amateur TrSh)
  5603 | D:5      | Found a runed translucent door.
  5604 | D:5      | Noticed Crazy Yiuf
  5804 | D:5      | Reached skill level 9 in Shapeshifting
  5881 | D:5      | XOM: confusion (+ monsters)
  6170 | D:5      | Killed Crazy Yiuf
  6184 | D:5      | XOM: give mutation
  6184 | D:5      | Lost mutation: Your large and strong wings let you fly.
                  | [Xom's mischief]
  6352 | D:7      | XOM: draining
  6433 | D:7      | Noticed Maggie
  6442 | D:7      | Killed Maggie
  6447 | D:7      | XOM: 3-stop teleportation journey
  6459 | D:7      | XOM: potion effect (brilliance)
  6497 | D:7      | XOM: confusion
  6523 | D:7      | XOM: stat loss: -1 Dex (14/15)
  6756 | D:7      | XOM: chaos upgrade
  6763 | D:7      | XOM: torment (34/66 hp)
  6910 | D:7      | Found Ridghigoi's Antique Armour Emporium.
  7022 | D:7      | XOM: 3-stop teleportation journey
  7142 | D:7      | Found Banook's Fire Supplies.
  7151 | D:7      | Bought a +1 pair of gloves of fire resistance for 214 gold
                  | pieces
  7290 | D:7      | XOM: draining
  7348 | D:7      | Found a snail-covered altar of Cheibriados.
  7682 | D:8      | Identified a potion of resistance
  7716 | D:8      | Found a radiant altar of Vehumet.
  7723 | D:8      | Found an ancient bone altar of Kikubaaqudgha.
  7735 | D:8      | Found a shimmering blue altar of Sif Muna.
  7744 | D:8      | XOM: polymorph something unseen -> scorpion
  7872 | D:8      | XOM: blink monster(s)
  7948 | D:8      | XOM: stat loss: -1 Str (13/14)
  7951 | D:8      | XOM: summons 1 hostile demon
  7953 | D:8      | XOM: divination: magic mapping
  7955 | D:8      | XOM: divination: magic mapping
  7962 | D:8      | Reached XP level 11. HP: 74/77 MP: 11/11
  7964 | D:8      | XOM: fog
  8080 | D:8      | XOM: god gift: 4 darts of dispersal
  8094 | D:8      | Found a glowing golden altar of the Shining One.
  8094 | D:8      | Found a broken altar of Ashenzari.
  8095 | D:8      | Found an ornate altar of the Wu Jian Council.
  8095 | D:8      | Found an opulent altar of Gozag.
  8099 | D:8      | Found a hazy altar of Hepliaklqana.
  8185 | D:8      | Found a white marble altar of Elyvilon.
  8301 | D:8      | XOM: cast spell 'Death Channel'
  8351 | D:9      | XOM: blink monster(s)
  8430 | D:9      | XOM: blink monster(s)
  8534 | D:9      | XOM: scenery: 1 doors close
  8646 | D:9      | Found a transporter.
  8669 | D:9      | Reached skill level 10 in Shapeshifting
  8762 | D:9      | Found a stormy altar of Qazlal.
  8887 | D:9      | XOM: give mutations
  8887 | D:9      | Gained mutation: You are somewhat resistant to both further
                  | mutation and mutation removal. [Xom's mischief]
  8887 | D:9      | Lost mutation: Your mind is acute. (Int +4, Str/Dex -1)
                  | [Xom's mischief]
  8887 | D:9      | Gained mutation: You have a pair of antennae on your head.
                  | [Xom's mischief]
  8906 | D:10     | Entered Level 10 of the Dungeon
  8906 | D:10     | Found a staircase to the Lair.
  8922 | D:10     | XOM: confusion (+ monsters)
  8927 | D:10     | Reached skill level 14 in Unarmed Combat
  8969 | D:10     | XOM: 1-stop teleportation journey
  8970 | D:10     | XOM: blink monster(s)
  8977 | D:10     | XOM: chaos upgrade
  9258 | D:10     | Found Socon's Assorted Antiques.
  9442 | D:10     | Noticed a two-headed ogre
  9448 | D:10     | Killed a two-headed ogre
  9600 | D:10     | XOM: noise
  9660 | Lair:1   | Entered Level 1 of the Lair of Beasts
  9660 | Lair:1   | Noticed a death yak
  9660 | Lair:1   | Noticed a death yak
  9660 | Lair:1   | Noticed a death yak
  9660 | Lair:1   | Noticed a death yak
  9660 | Lair:1   | Noticed a death yak
  9660 | Lair:1   | Noticed a death yak
  9665 | D:10     | XOM: divination: magic mapping
  9707 | D:11     | XOM: confusion
  9732 | D:11     | XOM: potion effect (invisibility)
  9733 | D:11     | XOM: summons 3 hostile demons
  9753 | D:11     | Noticed Lodul
  9757 | D:11     | XOM: blink monster(s)
  9769 | D:11     | Killed Lodul
  9770 | D:11     | Reached skill level 11 in Shapeshifting
  9805 | D:11     | Found Vobaewoc's Magic Scroll Shop.
  9818 | D:11     | Bought a scroll of enchant armour for 105 gold pieces
  9818 | D:11     | Bought a scroll of identify for 28 gold pieces
  9837 | D:11     | XOM: scenery: create altars
  9853 | D:11     | XOM: cast spell 'Summon Dragon'
  9859 | D:11     | XOM: polymorph fire dragon -> spark wasp
  9895 | D:11     | Found a portal to a secret trove of treasure.
  9895 | D:11     | Found Coil's Book Boutique.
  9897 | D:11     | Noticed Grum
  9904 | D:11     | Killed Grum
  9997 | D:11     | XOM: give mutation
  9997 | D:11     | Lost mutation: You expend magic power (3 MP) to strengthen
                  | your wands. [Xom's mischief]
 10002 | D:11     | Found Vuurom's General Store.
 10018 | D:11     | Reached skill level 15 in Unarmed Combat
 10054 | D:11     | Found Ugitoh's Antique Weapon Emporium.
 10125 | D:11     | XOM: god gift: 52 gold pieces
 10210 | D:11     | Found the +11 Singing Sword {sonic wave}
 10255 | D:11     | XOM: cleaving
 10618 | D:12     | Reached XP level 12. HP: 78/91 MP: 12/12
 10779 | D:12     | XOM: silly message
 10783 | D:12     | XOM: summons friendly iron imp
 10788 | D:12     | Reached skill level 4 in Fighting
 10812 | D:12     | Noticed a tengu warrior
 10817 | D:12     | XOM: chaos upgrade
 10824 | D:12     | Killed a tengu warrior
 10825 | D:12     | Reached skill level 3 in Dodging
 10885 | D:12     | XOM: stat loss: -1 Str (15/16)
 10903 | D:12     | Noticed a tengu reaver
 10903 | D:12     | Noticed a yaktaur captain
 10905 | D:12     | Noticed a storm dragon
 10905 | D:12     | Noticed an ettin
 11206 | D:12     | XOM: silly message
 11278 | D:12     | XOM: 8-stop teleportation journey
 11297 | D:12     | XOM: butterfly on damage
 11304 | D:12     | Killed a tengu reaver
 11490 | D:12     | XOM: summons friendly white imp
 11496 | D:12     | Reached skill level 5 in Fighting
 11537 | D:12     | XOM: polymorph white imp -> ufetubus
 11565 | D:12     | XOM: swap monsters
 11570 | D:12     | Killed a yaktaur captain
 11571 | D:12     | Reached skill level 4 in Dodging
 11698 | D:12     | XOM: summons 4 hostile shadow creatures
 11713 | D:12     | Identified the ring "Konicip" {Wiz rElec}
 11716 | D:12     | XOM: chaos upgrade
 11762 | D:12     | Killed a storm dragon
 11763 | D:12     | Reached skill level 12 in Shapeshifting
 11965 | D:12     | XOM: enchant monster (bad)
 12057 | D:13     | Noticed a four-headed hydra
 12067 | D:13     | Killed a four-headed hydra
 12068 | D:13     | Reached skill level 6 in Fighting
 12103 | D:13     | Noticed Nessos
 12106 | D:13     | XOM: confusion (+ monsters)
 12113 | D:13     | XOM: confusion
 12209 | Lair:1   | XOM: potion effect (brilliance)
 12211 | Lair:1   | XOM: silly message
 12217 | Lair:1   | XOM: potion effect (berserk rage)
 12222 | Lair:1   | Reached skill level 5 in Dodging
 12223 | Lair:1   | XOM: enchant monster (good)
 12226 | Lair:1   | Killed a death yak
 12228 | Lair:1   | Killed a death yak
 12229 | Lair:1   | XOM: enchant monster (good)
 12232 | Lair:1   | Killed a death yak
 12236 | Lair:1   | Reached skill level 7 in Fighting
 12244 | Lair:1   | Killed a death yak
 12250 | Lair:1   | Killed a death yak
 12251 | Lair:1   | XOM: summons friendly shadow imp
 12256 | Lair:1   | XOM: enchant monster (good)
 12257 | Lair:1   | Killed a death yak
 12261 | Lair:1   | Reached XP level 13. HP: 40/105 MP: 13/13
 12264 | Lair:1   | Reached skill level 6 in Dodging
 12364 | Lair:1   | XOM: silly message
 12521 | Lair:1   | XOM: scenery: summon butterflies
 12525 | Lair:1   | XOM: polymorph butterfly -> goblin
 12545 | Lair:1   | XOM: give mutations
 12545 | Lair:1   | Lost mutation: You are somewhat resistant to both further
                  | mutation and mutation removal. [Xom's mischief]
 12545 | Lair:1   | Lost mutation: You are somewhat resistant to further
                  | mutation. [Xom's mischief]
 12545 | Lair:1   | Lost mutation: You have a pair of antennae on your head.
                  | [Xom's mischief]
 12621 | Lair:1   | XOM: 1-stop teleportation journey
 12654 | Lair:1   | XOM: noise
 12780 | Lair:1   | Identified the ring "Tafoxzaj" {rPois rCorr Str-4 Int+6
                  | Dex+3}
 12842 | Lair:1   | XOM: give mutations
 12842 | Lair:1   | Lost mutation: You have a pair of small antennae on your
                  | head. [Xom's mischief]
 12842 | Lair:1   | Gained mutation: Your mind is acute. (Int +4, Str/Dex -1)
                  | [Xom's mischief]
 12886 | Lair:1   | XOM: divination: detect items
 12956 | Lair:1   | XOM: cast spell 'Alistair's Intoxication'
 12989 | Lair:1   | Found a sacrificial altar of Ru.
 13202 | Lair:1   | Reached skill level 13 in Shapeshifting
 13205 | Lair:1   | XOM: noise
 13460 | Lair:2   | Found a hole to the Spider Nest.
 13567 | Lair:2   | XOM: potion effect (invisibility)
 13679 | Lair:2   | Reached skill level 7 in Dodging
 13830 | Lair:2   | XOM: divination: detect items
 13832 | Lair:2   | XOM: confuse monster(s)
 13835 | Lair:2   | XOM: confuse monster(s)
 14176 | Lair:2   | XOM: god gift: 3 curare-tipped darts
 14656 | Lair:3   | XOM: confusion (+ monsters)
 14657 | Lair:3   | XOM: 2-stop teleportation journey
 14698 | Lair:3   | XOM: confuse monster(s)
 14705 | Lair:3   | XOM: cleaving
 14745 | Lair:3   | Found a staircase to the Shoals.
 14747 | Lair:3   | XOM: 4-stop teleportation journey
 14756 | Lair:3   | XOM: scenery: create altars
 14790 | Lair:3   | XOM: summons friendly crimson imp
 14856 | Lair:3   | XOM: summons 3 friendly demons
 15125 | Lair:3   | Reached skill level 8 in Dodging
 15125 | Lair:3   | Reached skill level 16 in Unarmed Combat
 15216 | Lair:3   | XOM: noise
 15472 | Lair:4   | XOM: enchant monster (good)
 15480 | Lair:4   | XOM: give mutation
 15480 | Lair:4   | Gained mutation: You occasionally lose the ability to drink
                  | potions when taking damage. [Xom's mischief]
 15488 | Lair:4   | XOM: confuse monster(s)
 15489 | Lair:4   | XOM: noise
 15490 | Lair:4   | XOM: polymorph elephant -> glowing shapeshifter
 15496 | Lair:4   | XOM: summons 1 hostile demon
 15499 | Lair:4   | XOM: 1-stop teleportation journey
 15501 | Lair:4   | XOM: divination: detect creatures
 15515 | Lair:4   | XOM: fake destruction
 15516 | Lair:4   | XOM: summons friendly ufetubus
 15518 | Lair:4   | XOM: enchant monster (good)
 15540 | Lair:4   | Reached XP level 14. HP: 44/113 MP: 14/14
 15562 | Lair:3   | XOM: polymorph yak -> black bear
 15585 | Lair:3   | XOM: cast spell 'Summon Ice Beast'
 15596 | Lair:3   | XOM: polymorph ice beast -> harpy
 15659 | Lair:4   | XOM: snakes to sticks
 15697 | Lair:4   | Reached skill level 14 in Shapeshifting
 15712 | Lair:4   | XOM: blink monster(s)
 15799 | Lair:4   | XOM: enchant monster (good)
 16105 | Lair:4   | XOM: potion effect (haste)
 16127 | Lair:4   | Reached skill level 9 in Dodging
 16354 | Lair:5   | Entered Level 5 of the Lair of Beasts
 16354 | Lair:5   | Found a transporter.
 16358 | Lair:5   | XOM: cleaving
 16361 | Lair:5   | XOM: summons friendly iron imp
 16364 | Lair:5   | XOM: noise
 16376 | Lair:5   | Noticed Sonja
 16470 | Lair:5   | Killed Sonja
 16471 | Lair:5   | Reached skill level 8 in Fighting
 16479 | Lair:4   | XOM: potion effect (invisibility)
 16660 | Lair:5   | XOM: give mutation
 16660 | Lair:5   | Gained mutation: You have hidden genetic potential. [Xom's
                  | grace]
 16722 | Lair:5   | XOM: polymorph komodo dragon -> meliai
 16736 | Lair:5   | XOM: scenery: 2 doors open
 16769 | Lair:5   | XOM: enchant monster (good)
 16774 | Lair:5   | XOM: give mutations
 16774 | Lair:5   | Gained mutation: You have a pair of small horns on your
                  | head. [Xom's grace]
 16774 | Lair:5   | Gained mutation: You are agile. (Dex +4, Str/Int -1) [Xom's
                  | grace]
 16774 | Lair:5   | Gained mutation: You possess an exceptional clarity of
                  | mind. [Xom's grace]
 16774 | Lair:5   | Gained mutation: You have supernaturally acute eyesight.
                  | (SInv) [Xom's grace]
 16800 | Lair:5   | Got a disorganized book
 16881 | Lair:5   | XOM: confuse monster(s)
 16884 | Lair:5   | XOM: summons friendly crimson imp
 16888 | Lair:5   | XOM: enchant monster (good)
 16901 | Lair:5   | XOM: summons 2 hostile shadow creatures
 16911 | Lair:5   | XOM: summons friendly shadow imp
 16912 | Lair:5   | XOM: enchant monster (good)
 16934 | Lair:5   | XOM: enchant monster (good)
 16946 | Lair:5   | XOM: 3-stop teleportation journey
 16992 | Lair:5   | Noticed Ewom's ghost (journeyman DEHW)
 17086 | Lair:5   | XOM: summons 3 friendly demons
 17092 | Lair:5   | XOM: scenery: summon butterflies
 17146 | Lair:5   | XOM: cast spell 'Metabolic Englaciation'
 17214 | Lair:5   | Found a transporter.
 17224 | Lair:5   | XOM: blink monster(s)
 17227 | Lair:5   | XOM: chaos cloud
 17228 | Lair:5   | Reached skill level 9 in Fighting
 17231 | Lair:5   | XOM: blink monster(s)
 17337 | Lair:5   | XOM: summons friendly ufetubus
 17340 | Lair:5   | XOM: noise
 17348 | Lair:5   | XOM: silly message
 17349 | Lair:5   | XOM: 1-stop teleportation journey
 17385 | Lair:5   | Reached skill level 10 in Dodging
 17461 | Lair:5   | Identified a potion of experience
 17462 | Lair:5   | Reached skill level 17 in Unarmed Combat
 17462 | Lair:5   | Reached XP level 15. HP: 125/125 MP: 15/15
 17500 | Lair:5   | XOM: swap monsters
 17501 | Lair:5   | XOM: enchant monster (good)
 17617 | Lair:5   | XOM: confuse monster(s)
 17624 | Lair:5   | XOM: potion effect (brilliance)
 17661 | Lair:5   | XOM: divination: detect creatures
 17707 | Lair:5   | XOM: give mutations
 17707 | Lair:5   | Gained mutation: You passively map a small area around you.
                  | [Xom's grace]
 17707 | Lair:5   | Gained mutation: You expend magic power (3 MP) to
                  | strengthen your wands. [Xom's grace]
 17707 | Lair:5   | Gained mutation: You have large cloven feet. [Xom's grace]
 17707 | Lair:5   | Gained mutation: You have an increased reservoir of magic.
                  | (+10% MP) [Xom's grace]
 17752 | Lair:5   | XOM: give mutation
 17752 | Lair:5   | Gained mutation: Your tail ends in a wickedly sharp and
                  | venomous barb. [Xom's grace]
 17788 | Lair:5   | Found a staircase to the Slime Pits.
 17789 | Lair:5   | Found a viscous altar of Jiyva.
 17790 | Lair:5   | XOM: fog
 18032 | Lair:5   | XOM: summons 6 friendly demons
 18038 | Lair:5   | XOM: summons friendly crimson imp
 18042 | Lair:5   | Reached skill level 10 in Fighting
 18171 | D:10     | XOM: scenery: create altars
 18418 | D:12     | XOM: cloud trail
 18586 | D:12     | XOM: enchant monster (good)
 18591 | D:12     | Found a staircase to the Orcish Mines.
 18601 | D:12     | XOM: blink monster(s)
 18614 | D:12     | XOM: chaos upgrade
 18615 | D:12     | Paralysed by an orc knight for 5 turns
 18618 | D:12     | HP: 7/126 [orc warrior/+0 battleaxe (16)]
 18619 | D:12     | XOM: swap monsters
 18625 | D:12     | >>hm
 18647 | D:12     | XOM: chaos upgrade
 18962 | D:12     | XOM: summons 1 hostile shadow creature
 19032 | D:12     | XOM: smoke on damage
 19308 | D:12     | XOM: give mutations
 19308 | D:12     | Lost mutation: You passively map a small area around you.
                  | [Xom's mischief]
 19308 | D:12     | Lost mutation: Your tail ends in a wickedly sharp and
                  | venomous barb. [Xom's mischief]
 19308 | D:12     | Lost mutation: You passively dampen the noise of your
                  | surroundings. [Xom's mischief]
 19358 | Orc:1    | Entered Level 1 of the Orcish Mines
 19374 | Orc:1    | XOM: polymorph orc priest -> gnoll
 19613 | Orc:1    | XOM: divination: magic mapping
 19744 | Orc:1    | Found a runed translucent gate.
 19744 | Orc:1    | Found a runed translucent gate.
 19744 | Orc:1    | Found a runed translucent gate.
 19760 | Orc:1    | XOM: give mutation
 19760 | Orc:1    | Gained mutation: You are very agile. (Dex +8, Str/Int -2)
                  | [Xom's grace]
 19769 | Orc:1    | Noticed Stellion's ghost (journeyman KoBr)
 19857 | Orc:1    | XOM: summons 8 friendly demons
 19862 | Orc:1    | Killed Stellion's ghost
 19875 | Orc:1    | XOM: 2-stop teleportation journey
 19896 | Orc:1    | XOM: give mutations
 19896 | Orc:1    | Lost mutation: You expend magic power (3 MP) to strengthen
                  | your wands. [Xom's mischief]
 19896 | Orc:1    | Lost mutation: You possess an exceptional clarity of mind.
                  | [Xom's mischief]
 19896 | Orc:1    | Lost mutation: You have hidden genetic potential. [Xom's
                  | mischief]
 19896 | Orc:1    | Lost mutation: Your tail ends in a sharp venomous barb.
                  | [Xom's mischief]
 19939 | Orc:1    | Identified the ring of Tomorrow {Drain rC++ rN+ Int+3
                  | Dex+6}
 19979 | Orc:2    | Entered Level 2 of the Orcish Mines
 20065 | Orc:2    | XOM: god gift: wand of flame (12)
 20099 | Orc:2    | Noticed Azrael
 20136 | Orc:2    | XOM: summons friendly white imp
 20147 | Orc:2    | Reached skill level 11 in Fighting
 20187 | Orc:2    | XOM: silly message
 20309 | Orc:2    | Identified a +0 robe of resistance
 20320 | Orc:2    | Killed Azrael
 20321 | Orc:2    | Reached XP level 16. HP: 109/137 MP: 17/17
 20324 | Orc:2    | XOM: divination: magic mapping
 20330 | Orc:2    | XOM: cast spell 'Summon Mana Viper'
 20507 | Orc:2    | Found a staircase to the Elven Halls.
 20573 | Orc:2    | XOM: polymorph orc -> hound
 20747 | Orc:2    | XOM: divination: magic mapping
 20754 | Orc:2    | Reached skill level 18 in Unarmed Combat
 20772 | Orc:2    | XOM: silly message
 20871 | Orc:2    | XOM: give mutations
 20871 | Orc:2    | Gained mutation: Your spells are a little harder to cast,
                  | but a little more powerful. [Xom's grace]
 20871 | Orc:2    | Gained mutation: Your spells are harder to cast, but more
                  | powerful. [Xom's grace]
 20903 | Orc:2    | XOM: summons friendly neqoxec
 20914 | Orc:2    | XOM: scenery: summon butterflies
 20925 | Orc:2    | Reached skill level 12 in Fighting
 20925 | Orc:2    | XOM: fake destruction
 20926 | Orc:2    | XOM: summons friendly neqoxec
 20927 | Orc:2    | XOM: silly message
 20932 | Orc:2    | XOM: enchant monster (good)
 20943 | Orc:2    | XOM: fog
 20970 | Orc:2    | Found Kiwaw's General Store.
 20970 | Orc:2    | Found Kethreo's Jewellery Emporium.
 20971 | Orc:2    | Found Tareuk's Jewellery Shoppe.
 20971 | Orc:2    | Found Ugruat's Assorted Antiques.
 21112 | Orc:2    | XOM: cloud trail
 21170 | Orc:2    | Bought the macabre finger necklace {Finger+ rN+} for 480
                  | gold pieces
 21170 | Orc:2    | Found the macabre finger necklace {Finger+ rN+}
 21171 | Orc:2    | Bought a potion of curing for 114 gold pieces
 21171 | Orc:2    | Bought a potion of curing for 114 gold pieces
 21174 | Orc:2    | Bought a potion of might for 48 gold pieces
 21174 | Orc:2    | Bought 2 potions of resistance for 240 gold pieces
 21174 | Orc:2    | Bought a potion of might for 48 gold pieces
 21265 | D:13     | Noticed Rupert
 21265 | D:13     | Found a gate to the Vaults.
 21294 | D:12     | Identified the +4 great mace "Otarungu" {heavy, rC- Dex+3}
                  | (Xom gifted it to you on level 12 of the Dungeon)
 21294 | D:12     | XOM: god gift: +4 great mace "Otarungu" {chaos, rC- Dex+3}
 21412 | D:13     | XOM: cast spell 'Summon Cactus Giant'
 21440 | D:13     | XOM: polymorph cactus giant -> oklob plant
 21509 | D:13     | Killed Rupert
 21510 | D:13     | Reached skill level 13 in Fighting
 21521 | D:13     | Killed Nessos
 21648 | D:13     | XOM: smoke on damage
 21733 | D:13     | XOM: fog
 22226 | D:14     | Found a frozen archway.
 22234 | D:14     | XOM: give mutations
 22234 | D:14     | Gained mutation: You are covered in fur. (AC +1) [Xom's
                  | grace]
 22234 | D:14     | Gained mutation: Your tail ends in a sharp venomous barb.
                  | [Xom's grace]
 22236 | D:14     | XOM: summons 16 friendly demons
 22246 | D:14     | Reached skill level 14 in Fighting
 22270 | IceCv    | Entered an ice cave
 22337 | IceCv    | XOM: cast spell 'Summon Ice Beast'
 22435 | IceCv    | XOM: 7-stop teleportation journey
 22494 | IceCv    | XOM: scenery: summon butterflies
 22657 | IceCv    | Found an ancient bone altar of Kikubaaqudgha.
 22657 | IceCv    | XOM: give mutations
 22657 | IceCv    | Lost mutation: You have supernaturally acute eyesight.
                  | (SInv) [Xom's mischief]
 22657 | IceCv    | Lost mutation: Your spells are harder to cast, but more
                  | powerful. [Xom's mischief]
 22657 | IceCv    | Lost mutation: You are very agile. (Dex +8, Str/Int -2)
                  | [Xom's mischief]
 22657 | IceCv    | Lost mutation: Your tail ends in a sharp venomous barb.
                  | [Xom's mischief]
 22669 | IceCv    | XOM: destruction
 22691 | IceCv    | Reached skill level 15 in Fighting
 22701 | IceCv    | Reached skill level 19 in Unarmed Combat
 22707 | IceCv    | XOM: god gift: 657 gold pieces
 22713 | IceCv    | XOM: god gift: 55 gold pieces
 22967 | IceCv    | XOM: silly message
 23204 | IceCv    | XOM: silly message
 23207 | IceCv    | XOM: silly message
 23213 | IceCv    | XOM: potion effect (haste)
 23231 | IceCv    | XOM: potion effect (experience)
 23231 | IceCv    | Reached skill level 16 in Fighting
 23231 | IceCv    | Reached XP level 17. HP: 138/159 MP: 18/18
 23235 | IceCv    | XOM: confuse monster(s)
 23238 | IceCv    | Noticed a lich
 23245 | IceCv    | Killed a lich
 23250 | IceCv    | XOM: god gift: 8 stones
 23380 | IceCv    | XOM: give mutations
 23380 | IceCv    | Gained mutation: You are partially covered in large bone
                  | plates. (SH +4) [Xom's grace]
 23380 | IceCv    | Gained mutation: You are robust. (+10% HP) [Xom's grace]
 23380 | IceCv    | Gained mutation: Your tail ends in a sharp venomous barb.
                  | [Xom's grace]
 23423 | IceCv    | XOM: give mutations
 23423 | IceCv    | Gained mutation: Your flesh is heat resistant. (rF+) [Xom's
                  | grace]
 23423 | IceCv    | Gained mutation: You are covered in thick fur. (AC +2)
                  | [Xom's grace]
 23475 | D:14     | XOM: god gift: runed falchion {god gift}
 23511 | D:14     | Noticed Frances
 23521 | D:14     | XOM: noise
 23528 | D:14     | XOM: blink monster(s)
 23537 | D:14     | XOM: enchant monster (good)
 23548 | D:14     | Killed Frances
 23567 | D:14     | Found a basalt altar of Yredelemnul.
 23901 | D:14     | Reached skill level 17 in Fighting
 23956 | D:14     | XOM: summons 4 hostile demons
 23968 | D:14     | Reached skill level 20 in Unarmed Combat
 24068 | D:15     | Entered Level 15 of the Dungeon
 24150 | D:15     | XOM: polymorph centaur warrior -> shining eye
 24186 | D:15     | XOM: scenery: 1 doors open
 24318 | D:14     | XOM: summons 4 hostile demons
 24404 | D:15     | Found a shadowy altar of Dithmenos.
 24476 | D:15     | Reached XP level 18. HP: 174/187 MP: 19/19
 24546 | D:15     | XOM: 2-stop teleportation journey
 24648 | D:15     | XOM: 9-stop teleportation journey
 24667 | D:15     | Found a staircase to the Depths.
 24667 | D:15     | XOM: destruction
 24675 | D:15     | XOM: cleaving
 25010 | D:12     | XOM: summons 10 hostile demons
 25161 | Shoals:1 | Entered Level 1 of the Shoals
 25166 | Shoals:1 | XOM: swap monsters
 25249 | Shoals:1 | XOM: silly message
 25435 | Shoals:1 | XOM: divination: magic mapping
 25649 | Shoals:1 | XOM: potion effect (haste)
 25910 | Shoals:1 | XOM: silly message
 25915 | Shoals:1 | Reached skill level 18 in Fighting
 25975 | Shoals:1 | XOM: divination: magic mapping
 26130 | Shoals:1 | XOM: potion effect (might)
 26177 | Shoals:1 | Identified the +2 leather armour of the First Artisans
                  | {Regen+ Str+3 Int+2}
 26191 | Shoals:1 | XOM: potion effect (invisibility)
 26272 | Shoals:2 | Reached skill level 15 in Shapeshifting
 26423 | Shoals:2 | XOM: noise
 26433 | Shoals:2 | Noticed Ilsuiw
 26439 | Shoals:2 | Ilsuiw changed into Ilsuiw the frost giant
 26439 | Shoals:2 | Noticed Ilsuiw
 26439 | Shoals:2 | XOM: polymorph Ilsuiw -> Ilsuiw the frost giant
 26462 | Shoals:2 | Killed Ilsuiw the frost giant
 26504 | Shoals:2 | XOM: polymorph faun -> fire dragon
 26655 | Shoals:2 | XOM: polymorph merfolk -> slime creature
 26658 | Shoals:2 | XOM: noise
 26796 | Shoals:2 | XOM: god gift: scroll of enchant weapon
 26799 | Shoals:2 | XOM: noise
 26801 | Shoals:2 | XOM: potion effect (berserk rage)
 26932 | Shoals:2 | XOM: divination: detect items
 27115 | Shoals:2 | XOM is BORED!
 27115 | Shoals:2 | XOM: noise
 27451 | Shoals:3 | XOM: potion effect (brilliance)
 27955 | Shoals:3 | Reached skill level 19 in Fighting
 28276 | Shoals:3 | XOM: god gift: 9 stones
 28439 | Shoals:3 | XOM is BORED!
 28439 | Shoals:3 | XOM: give mutations
 28439 | Shoals:3 | Lost mutation: Your mind is acute. (Int +4, Str/Dex -1)
                  | [Xom's mischief]
 28439 | Shoals:3 | Lost mutation: You are covered in thick fur. (AC +2) [Xom's
                  | mischief]
 28439 | Shoals:3 | Lost mutation: Your tail ends in a sharp venomous barb.
                  | [Xom's mischief]
 28564 | Shoals:4 | Entered Level 4 of the Shoals
 28566 | Shoals:4 | XOM: scenery: 1 doors open
 28669 | Shoals:3 | XOM: god gift: 28 gold pieces
 28880 | Shoals:4 | XOM: confuse monster(s)
 28881 | Shoals:4 | XOM: smoke on damage
 29084 | Shoals:4 | Reached skill level 16 in Shapeshifting
 29341 | Shoals:4 | XOM: give mutation
 29341 | Shoals:4 | Lost mutation: Your tail ends in a venomous barb. [Xom's
                  | mischief]
 29454 | Shoals:4 | XOM: enchant monster (good)
 29542 | Shoals:4 | Identified the scarf of Compression {shadows, Regen+
                  | Stlth+}
 29563 | Shoals:4 | XOM: fog
 29572 | Shoals:4 | Paralysed by a sphinx for 5 turns
 29574 | Shoals:4 | XOM: divination: magic mapping
 29582 | Shoals:4 | Reached XP level 19. HP: 194/202 MP: 20/20
 29617 | Shoals:4 | XOM: scenery: summon butterflies
 29760 | Shoals:4 | XOM: enchant monster (good)
 29777 | Shoals:4 | Reached skill level 20 in Fighting
 29777 | Shoals:4 | XOM: enchant monster (good)
 29817 | Shoals:4 | XOM: 3-stop teleportation journey
 29997 | Shoals:4 | XOM: enchant monster (bad)
 30165 | Shoals:4 | Got a barnacled rune of Zot
 30166 | Shoals:4 | Identified the staff of Gluttony {rN+ rCorr Int+3 Stlth-
                  | Conj}
 30167 | Shoals:4 | XOM: summons 10 hostile demons
 30473 | Vaults:1 | Entered Level 1 of the Vaults
 30525 | Vaults:1 | XOM: 2-stop teleportation journey
 30539 | Vaults:1 | XOM: summons 3 friendly demons
 30543 | Vaults:1 | XOM: confuse monster(s)
 30548 | Vaults:1 | Found a flickering gateway to a bazaar.
 30565 | Bazaar   | Entered a bazaar
 30606 | Bazaar   | Found Mogroom's Jewellery Shop.
 30619 | Bazaar   | Found Pahi Opn's Book Shop.
 30650 | Bazaar   | XOM: noise
 30747 | Vaults:1 | Got a fuliginous book
 31017 | Vaults:1 | Found Feus's Weapon Emporium.
 31021 | Vaults:1 | XOM: enchant monster (bad)
 31023 | Vaults:1 | XOM: potion effect (invisibility)
 31042 | Vaults:1 | XOM: enchant monster (good)
 31055 | Vaults:1 | Reached skill level 17 in Shapeshifting
 31092 | Vaults:1 | XOM: enchant monster (good)
 31161 | Vaults:1 | XOM: enchant monster (bad)
 31181 | Vaults:1 | XOM: scenery: 1 doors close
 31203 | Vaults:1 | XOM: enchant monster (bad)
 31204 | Vaults:1 | XOM: potion effect (curing)
 31473 | Vaults:1 | XOM: cast spell 'Olgreb's Toxic Radiance'
 31480 | Vaults:1 | XOM: potion effect (might)
 31557 | Vaults:1 | XOM: enchant monster (good)
 31566 | Vaults:1 | XOM: scenery: summon butterflies
 31603 | Vaults:1 | Reached skill level 21 in Fighting
 31696 | Vaults:1 | Identified a scroll of acquirement
 31706 | Vaults:1 | Acquired 1075 gold pieces
 32033 | Vaults:1 | XOM: give mutations
 32033 | Vaults:1 | Lost mutation: You have an increased reservoir of magic.
                  | (+10% MP) [Xom's mischief]
 32033 | Vaults:1 | Lost mutation: You have very sharp teeth. [Xom's mischief]
 32033 | Vaults:1 | Gained mutation: You occasionally shout uncontrollably at
                  | your foes. [Xom's mischief]
 32033 | Vaults:1 | Lost mutation: You have large cloven feet. [Xom's mischief]
 32249 | Vaults:2 | Reached skill level 5 in Shields
 32256 | Vaults:2 | XOM: 5-stop teleportation journey
 32341 | Vaults:2 | XOM: 1-stop teleportation journey
 32353 | Vaults:2 | XOM: enchant monster (good)
 32380 | Vaults:2 | Identified the ring "Etrusk" {Ice rCorr Stlth+}
 32458 | Vaults:2 | XOM: confuse monster(s)
 32465 | Vaults:2 | XOM: polymorph dire elephant -> storm dragon
 32481 | Vaults:2 | XOM: confuse monster(s)
 32511 | Vaults:2 | XOM: give mutation
 32511 | Vaults:2 | Lost mutation: Your spells are a little harder to cast, but
                  | a little more powerful. [Xom's mischief]
 32660 | Vaults:2 | Reached skill level 6 in Shields
 32758 | Vaults:2 | Found a staircase to the Crypt.
 32767 | Vaults:2 | XOM: divination: detect creatures
 32775 | Vaults:2 | Paralysed by something for 5 turns
 32777 | Vaults:2 | Xom revived you
 32778 | Vaults:2 | Slain by a reaper

Vanquished Creatures
  Rupert (D:13)
  A lich (IceCv)
  2 sphinxes (Shoals:4)
  2 krakens
  Frances (D:14)
  2 storm dragons
  A tengu reaver (D:12)
  A frost giant (Shoals:2)
  6 vault wardens (Vaults:1)
  A formless jellyfish (Shoals:4)
  A stone giant (Vaults:1)
  3 ironbound preservers
  An ironbound thunderhulk (Vaults:1)
  Nessos (D:13)
  Azrael (Orc:2)
  2 minotaurs (Shoals:4)
  2 dire elephants (Vaults:2)
  4 merfolk javelineers
  5 merfolk impalers
  An ettin (D:12)
  A fire dragon (Shoals:2)
  2 entropy weavers
  A great orb of eyes (Vaults:1)
  An entropy weaver (shapeshifter) (D:13)
  5 yaktaur captains
  8 hydras
  2 caustic shrike simulacra (IceCv)
  A peacekeeper (Vaults:1)
  The ghost of Stellion the Unseen, a journeyman KoBr of Dithmenos (Orc:1)
  3 vault guards (Vaults:1)
  8 centaur warriors
  An ogre mage (D:15)
  4 alligator snapping turtles
  4 ironbound frosthearts (Vaults:1)
  7 merfolk aquamancers
  3 boulder beetles
  A catoblepas (Lair:5)
  2 two-headed ogres
  13 satyrs (Shoals:4)
  2 merfolk avatars
  10 death yaks
  A deep troll earth mage (D:15)
  A tengu warrior (D:12)
  A spectral orc (Orc:1)
  6 orc high priests (Orc:2)
  Sonja (Lair:5)
  3 skysharks
  A fire crab (Lair:5)
  Lodul (D:11)
  9 sea snakes
  11 deep trolls
  A wizard (Vaults:2)
  9 bog bodies (IceCv)
  An obsidian statue (IceCv)
  8 ironbound convokers
  A spriggan simulacrum (IceCv)
  A necromancer (IceCv)
  7 orc knights
  2 lindwurms (Vaults:1)
  13 harpies
  4 deep elf pyromancers
  14 ugly things
  A shining eye (D:15)
  2 wolf spider zombies (D:14)
  20 fauns
  19 manticores
  6 cyclopes
  6 water nymphs
  12 merfolk sirens
  3 black mambas
  8 centaur zombies (D:14)
  28 elephants
  7 vault sentinels
  9 slime creatures
  A torpor snail (Lair:5)
  A black mamba (shapeshifter) (D:13)
  3 gargoyles (D:12)
  7 rime drakes
  10 cane toads
  6 yaktaurs
  Maggie (D:7)
  An efreet (D:13)
  2 anaconda simulacra (IceCv)
  A kobold demonologist (D:5)
  9 komodo dragons
  15 freezing wraiths
  A golden dragon simulacrum (IceCv)
  An ice devil (IceCv)
  8 trolls
  27 merfolk
  4 wind drakes
  7 polar bears
  A tyrant leech (Lair:1)
  3 hornets (Lair:5)
  Grinder (D:3)
  A meliai (Lair:5)
  4 alligator simulacra (IceCv)
  8 blink frogs
  A meliai zombie (D:14)
  10 dream sheep
  8 snapping turtles
  4 culicivoras (Lair:2)
  Sigmund (D:4)
  44 yaks
  A shadow (D:12)
  22 water elementals
  5 wyverns
  4 dire elephant simulacra (IceCv)
  5 fire elementals (Orc:2)
  21 humans
  A steam dragon (D:8)
  Grum (D:11)
  5 basilisks
  8 vampire mosquitoes
  3 wargs
  3 minotaur simulacra (IceCv)
  2 swamp worms (Lair:1)
  4 redbacks
  2 harpy simulacra (IceCv)
  14 water moccasins
  3 hell hounds (Orc:2)
  2 hydra simulacra (IceCv)
  28 orc warriors
  A sky beast (D:6)
  2 ice beasts
  4 black bears
  A hornet zombie (D:14)
  10 wolves
  14 ogres
  5 centaurs
  A phantom (D:5)
  6 kobold brigands
  Blork the orc (D:5)
  15 bullfrogs
  2 gnoll sergeants
  8 scorpions
  A deep troll simulacrum (IceCv)
  3 lindwurm simulacra (IceCv)
  13 killer bees
  6 howler monkeys
  4 electric eels
  A lava snake (Lair:4)
  2 jellies
  26 orc priests
  5 sleepcaps
  6 hounds
  Crazy Yiuf (D:5)
  Jessica (D:2)
  Natasha (twice) (D:4)
  4 iguanas
  18 orc wizards
  3 hell rats (Lair:5)
  Terence (D:3)
  A boggart simulacrum (D:14)
  Robin (D:2)
  10 gnolls
  14 adders
  An ogre simulacrum (Orc:1)
  4 river rats (Lair:5)
  A river rat (shapeshifter) (Lair:4)
  A shadow imp (D:5)
  3 white imps
  2 ufetubi
  An orc simulacrum (Orc:1)
  A dart slug (D:1)
  A worm (D:7)
  88 orcs
  6 ball pythons
  5 endoplasms
  4 giant cockroaches
  11 goblins
  13 hobgoblins
  4 quokkas
  9 bats
  A frilled lizard (D:1)
  15 kobolds
  6 rats
  6 tentacles
1037 creatures vanquished.

Vanquished Creatures (collateral kills)
  An ironbound preserver (Vaults:2)
  A harpy (Lair:3)
  3 centaur zombies (D:14)
  A vault sentinel (Vaults:1)
  A torpor snail (Lair:5)
  A yaktaur (Vaults:1)
  A blink frog (Lair:5)
  A slime creature (Vaults:1)
  A basilisk (Lair:5)
  A human (D:6)
  A yak (Lair:3)
  3 vampire mosquitoes
  A spectral troll (Orc:1)
  3 orc warriors
  An ice beast (D:6)
  3 wolves (D:11)
  A bullfrog (D:6)
  An orc priest (Orc:2)
  An ogre simulacrum (Orc:1)
  2 orc simulacra (Orc:1)
  3 orcs
  2 kobolds (D:11)
  A rat (Lair:5)
35 creatures vanquished.

Vanquished Creatures (others)
  An ironbound frostheart (Vaults:1)
  A deep troll (Vaults:2)
  A cane toad (Lair:1)
  3 yaktaurs (Vaults:1)
  A rat (Lair:5)
  6 tentacles
13 creatures vanquished.

Grand Total: 1085 creatures vanquished

Table legend: (Time is in decaauts)
 A = Elapsed time spent in this place.
 B = Non-inter-level travel time spent in this place.
 C = Inter-level travel time spent in this place.
 D = Time resting spent in this place.
 E = Time spent auto-exploring this place.
 F = Levels seen in this place.
 G = Mean time per level.
                   A        B        C        D        E       F      G
               +--------+--------+--------+--------+--------+-----+--------+
         Total |  31848 |  29933 |   1915 |   3389 |  19594 |  30 | 1061.6 |
       Dungeon |  15824 |  14826 |    998 |   1215 |  10623 |  15 | 1054.9 |
          Lair |   5944 |   5424 |    520 |    491 |   3464 |   5 | 1188.8 |
        Shoals |   4942 |   4771 |    171 |    821 |   2790 |   4 | 1235.5 |
  Orcish Mines |   1806 |   1635 |    171 |     16 |   1144 |   2 |  903.0 |
        Vaults |   2093 |   2039 |     54 |    337 |   1150 |   2 | 1046.5 |
        Bazaar |    101 |    101 |      0 |      0 |     72 |   1 |  101.0 |
      Ice Cave |   1135 |   1135 |      0 |    507 |    349 |   1 | 1135.0 |
               +--------+--------+--------+--------+--------+-----+--------+

Top non-repeatable levels by time:
    D:12: 2969 daAuts
Vaults:1: 1452 daAuts
Shoals:3: 1439 daAuts
     D:5: 1415 daAuts
Shoals:4: 1347 daAuts
  Lair:5: 1346 daAuts
  Lair:1: 1317 daAuts
     D:6: 1312 daAuts
  Lair:4: 1218 daAuts
   Orc:2: 1196 daAuts
   IceCv: 1135 daAuts
Shoals:2: 1100 daAuts
Shoals:1: 1054 daAuts
     D:7: 1045 daAuts
  Lair:3: 1032 daAuts

Table legend:
 A = Non-vault XP
 B = Vault XP
 C = Vault XP percentage of total XP
 D = Non-vault monster count
 E = Vault monster count
 F = Vault count percentage of total count
                 A         B        C        D         E       F
            +---------+---------+-------+---------+---------+-------
      Total |  179810 |  151862 |  45.8 |     624 |     445 |  41.6
            +---------+---------+-------+---------+---------+-------
        D:1 |      16 |       8 |  33.3 |       9 |       4 |  30.8
        D:2 |      69 |      78 |  53.1 |      14 |      15 |  51.7
        D:3 |     171 |     318 |  65.0 |      23 |       2 |   8.0
        D:4 |     230 |     306 |  57.1 |      16 |       6 |  27.3
        D:5 |    1124 |     798 |  41.5 |      22 |      16 |  42.1
        D:6 |     875 |     931 |  51.6 |      16 |       6 |  27.3
        D:7 |     586 |     380 |  39.3 |      12 |       2 |  14.3
        D:8 |    1180 |     920 |  43.8 |      22 |      11 |  33.3
        D:9 |     603 |       0 |   0.0 |      19 |       0 |   0.0
       D:10 |    2896 |     996 |  25.6 |      17 |       4 |  19.0
       D:11 |    2749 |    2637 |  49.0 |      23 |      26 |  53.1
       D:12 |    3664 |    7070 |  65.9 |      18 |      28 |  60.9
       D:13 |    5929 |    7119 |  54.6 |      14 |      20 |  58.8
       D:14 |    8860 |    8112 |  47.8 |      18 |      16 |  47.1
       D:15 |    9093 |    2884 |  24.1 |      17 |       6 |  26.1
     Lair:1 |   14470 |     627 |   4.2 |      41 |       3 |   6.8
     Lair:2 |    2228 |    2039 |  47.8 |       9 |       7 |  43.8
     Lair:3 |    8415 |    2855 |  25.3 |      36 |       4 |  10.0
     Lair:4 |    9803 |     660 |   6.3 |      31 |       5 |  13.9
     Lair:5 |   16980 |    9912 |  36.9 |      40 |      34 |  45.9
   Shoals:1 |   17925 |    6582 |  26.9 |      36 |       9 |  20.0
   Shoals:2 |   12366 |    6147 |  33.2 |      27 |      11 |  28.9
   Shoals:3 |   11600 |       0 |   0.0 |      25 |       0 |   0.0
   Shoals:4 |   17564 |   25346 |  59.1 |      35 |      36 |  50.7
      Orc:1 |    1256 |    1850 |  59.6 |      17 |       8 |  32.0
      Orc:2 |    2734 |   10721 |  79.7 |      29 |      66 |  69.5
   Vaults:1 |   13200 |   29362 |  69.0 |      19 |      45 |  70.3
   Vaults:2 |   13224 |    2679 |  16.8 |      19 |       4 |  17.4
      IceCv |       0 |   20525 | 100.0 |       0 |      51 | 100.0
            +---------+---------+-------+---------+---------+-------
